Workbook
Name _GoBack: 'FP-Form-1 '!$B$33

Sheet Instructions
A2: Attachment B
A4: Description of Cost Scoring Sheets (Form FP-1 to Form FP-3)
A6: Bidders will use the Microsoft Excel spreadsheets numbered FP FORM-1 through FP FORM-3 in the form and content provided with this RFP.
A8: Bidders should use PA volumes provided in Attachment E Detailed Call Center Statistics and Program Specifics, when developing their cost proposals.
A10: Form FP-1 – Implementation Fee
A12: Provides an implementation pricing matrix the contractor will complete.
A14: Bidders may, but are not required to include an implementation fee by rebate program. The implementation fee is the total amount associated with the initial design, development, testing and implementation for each PA program prior to full acceptance by the Department. For more specifics on how the Contractor will be reimbursed for implementation, see Section 4.7 of the RFP.
A16: Form FP-1 – Monthly Base Operation Fee and PA Fees
A18: Provides a pricing matrix the bidder must complete. Failure to provide a proposed Monthly Base Operational Fee shall result in a bidder’s disqualification.
A20: The Monthly Base Operational Fee includes the bidder’s monthly fee to perform the daily operations of the Pharmacy PA programs. This should include all operational costs, including, but not limited to, office space rent and call center phone expenses. Any costs for turnover must be included in the bidder’s Monthly Base Operational Fee. This includes fixed costs not directly related to the volume of PA functions. Maintenance of the PA System as described in RFP Section 4.1.2 should be included in the Quality/Education and Outreach Monthly Operational Fee.
A22: The Costs per PA associated with the completion of staffed contact center PAs, including contact center staffing and operations variable costs.
A24: For more specifics on how the Contractor will be reimbursed including annual increases, see Section 4.7 of the RFP.
... A38: The Costs per PA will be normalized for each bidder at the following estimated number of contact center PAs per month:
A39: - POS Pharmacy and Diabetic Supplies: | B39: 35000
A40: - Physician Administered Drug: | B40: 1000
A41: - DME/Medical Supplies: | B41: 1500
A42: - Enteral Nutrition: | B42: 1500

Sheet FP-Form-1 
A1: Drug and Supply Rebate Administration and Management Program
A2: Implementation Fee and Monthly Base Operation Fee
A3: Attachment B FP-Form 1
A4: Page 1 of 1
A6: Bidder: ______________________________________
A8: Prior Authorization Program Description | D8: Implementation Fee (Imp Fee)¹ | F8: Monthly Base Operation Fee (MBO Fee)² Year 1 | H8: Monthly PA Charge (per PA) Year1 | J8: Monthly Base Operation Fee (MBO Fee)² Year 2 | L8: Monthly PA Charge (per PA) Year 2 | N8: Monthly Base Operation Fee (MBO Fee)² Year 3 | P8: Monthly PA Charge (per PA) Year 3 | R8: Monthly Base Operation Fee (MBO Fee)² Year 4 | T8: Monthly PA Charge (per PA) Year 4 | V8: Monthly Base Operation Fee (MBO Fee)² Year 5 | X8: Monthly PA Charge (per PA) Year 5 | Z8: Monthly Base Operation Fee (MBO Fee)² Year 6 | AB8: Monthly PA Charge (per PA) Year 6
B10: Point-of Service Pharmacy and Diabetic Supply
B12: Physician Administered Drugs
B14: DME and Medical Supply Products
B16: Enteral Nutrition
B18: Quality/Education and Outreach
B20: Consulting Services
A24: TOTAL | D24: =SUM(D10:D20) -> 0 | F24: =SUM(F10:F23) -> 0 | H24: =+((H10*Instructions!B39)+(H12*Instructions!B40)) -> 0 | J24: =SUM(J10:J23) -> 0 | L24: =+((L10*Instructions!B39)+('FP-Form-1 '!L12*Instructions!B40)+(L14*Instructions!B41)+(L16*Instructions!B42)) -> 0 | N24: =SUM(N10:N23) -> 0 | P24: =+((P10*Instructions!$B$39)+('FP-Form-1 '!P12*Instructions!$B$40)+(P14*Instructions!$B$41)+(P16*Instructions!$B$42)) -> 0 | R24: =SUM(R10:R23) -> 0 | T24: =+((T10*Instructions!$B$39)+('FP-Form-1 '!T12*Instructions!$B$40)+(T14*Instructions!$B$41)+(T16*Instructions!$B$42)) -> 0 | V24: =SUM(V10:V20) -> 0 | X24: =+((X10*Instructions!$B$39)+('FP-Form-1 '!X12*Instructions!$B$40)+(X14*Instructions!$B$41)+(X16*Instructions!$B$42)) -> 0 | Z24: =SUM(Z10:Z20) -> 0 | AB24: =+((AB10*Instructions!$B$39)+('FP-Form-1 '!AB12*Instructions!$B$40)+(AB14*Instructions!$B$41)+(AB16*Instructions!$B$42)) -> 0
B26: Instructions for completing the matrix above.
B28: ¹ Insert a fixed dollar amount (use whole dollars only), if applicable, by Program. If no Implementation Fee is proposed, enter zero.
B31: ² Insert a fixed dollar amount (use whole dollars only) by Program.
B32: Each program must have a monthly base operation fee.
B33: When determining Base Operational Fee, do not include; 1) postage costs associated with mailing required communications or 2) printing costs for custom/special letters that may be requested by the Department. These costs will be handled as pass through expenses.
B34: The cost provided by the Bidder for each program area on this form is only as a one (1) month price.
B36: The Bidder must fill out FP Form 3 to determine a contract term total cost.
B38: For more specifics on how the contractor will be reimbursed including restrictions on amounts and annual increases, see Section 4.7 of the RFP.

Sheet FP-Form-2 SYSTEMS CHANGE
A2: Drug and Supply Rebate Administration and Management Program | I2: Attachment B FP-Form 2
C3: System Development / System Change Rate - Hourly by Title | I3: Page 1 of 1
A7: Bidder: _______________________________
A9: Instructions:
A11: Enter the hourly rate to be billed for each job title for Years 1-3 of the contract.
A12: Hourly rate for each job title should be based on the general responsibilites and job descriptions outlined below.
A15: System Development Hourly Rates by Job Title | D15: Contract Year 1-3
A17: Systems Analyst (a) | E17: see (d) & (e) for information
A18: Senior Systems Developer (b) | E18: see (d) & (e) for information
A19: Systems Developer (c) | E19: see (d) & (e) for information
A21: Notes:
A22: (a) Systems Analyst- General responsibilities include designing new IT solutions to improve business efficiency and productivity. Translates stakeholder requirements into design documents.
A23: (b) Senior Systems Developer - General responsibilities include research and develop estimates and write design specifications for proposed system modifications, as well as code and test complex computer programs. Service oriented design and analysis. Workflow design, development and implementation
A24: (c) Systems Developer - General responsibilities include coding and debugging applications in the software language. Unite test computer programs, interface with co-workers and other project personnel. Prepare unit test cases, business rules implementation, assure computer programs are in compliance with specifications through careful review of test results.
A25: (d) System Hours only apply to approved System Changes subsequent to implementation.
A26: (e) For more specifics on how the contractor will be reimbursed including restrictions on amounts and annual increases, see Section 4.7 of the RFP.

Sheet FP-Form 3
A1: Attachment C FP Form-3
B4: Implementation and Operation Costs | D4: Annual Cost
B6: Implementation Fee | C6: ='FP-Form-1 '!D24 -> 0 | D6: =C6 -> 0
B8: Monthly Base Operation Fee Year 1 | C8: ='FP-Form-1 '!F24 -> 0 | D8: =C8*12 -> 0
B9: Monthly PA Fee | C9: ='FP-Form-1 '!H24 -> 0 | D9: =C9*12 -> 0
B11: Monthly Base Operation Fee Year 2 | C11: ='FP-Form-1 '!J24 -> 0 | D11: =C11*12 -> 0
B12: Monthly PA Fee | C12: ='FP-Form-1 '!L24 -> 0 | D12: =C12*12 -> 0
B14: Monthly Base Operation Fee Year 3 | C14: ='FP-Form-1 '!N24 -> 0 | D14: =C14*12 -> 0
B15: Monthly PA Fee | C15: ='FP-Form-1 '!P24 -> 0 | D15: =C15*12 -> 0
B17: Monthly Base Operation Fee Year 4 | C17: ='FP-Form-1 '!R24 -> 0 | D17: =C17*12 -> 0
B18: Monthly PA Fee | C18: ='FP-Form-1 '!T24 -> 0 | D18: =C18*12 -> 0
B20: Monthly Base Operation Fee Year 5 | C20: ='FP-Form-1 '!V24 -> 0 | D20: =C20*12 -> 0
B21: Monthly PA Fee | C21: ='FP-Form-1 '!X24 -> 0 | D21: =C21*12 -> 0
B23: Monthly Base Operation Fee Year 6 | C23: ='FP-Form-1 '!Z24 -> 0 | D23: =C23*12 -> 0
B24: Monthly PA Fee | C24: ='FP-Form-1 '!AB24 -> 0 | D24: =C24*12 -> 0
D25: Total Operations Fee | E25: =SUM(D21,D20,D18,D17,D15,D14,D12,D11,D9,D8,D23,D24) -> 0
B27: System Job Title | C27: Hourly Rate | D27: Estimated Annual Hours
B29: Systems Analyst (Years 1-3) | C29: ='FP-Form-2 SYSTEMS CHANGE'!D17 -> 0 | D29: 4000 | E29: =(C29*D29)*3 -> 0
B30: Systems Analyst (Year 4) | C30: =C29*103% -> 0 | D30: 4000 | E30: =C30*D30 -> 0
B31: Systems Analyst (Year 5) | C31: =C30*103% -> 0 | D31: 4000 | E31: =C31*D31 -> 0
B32: Systems Analyst (Year 6) | C32: =C31*103% -> 0 | D32: 4000 | E32: =C32*D32 -> 0
B34: Senior Systems Developer (Years 1-3) | C34: ='FP-Form-2 SYSTEMS CHANGE'!D18 -> 0 | D34: 4000 | E34: =(C34*D34)*3 -> 0
B35: Senior Systems Developer (Year 4) | C35: =C34*103% -> 0 | D35: 4000 | E35: =C35*D35 -> 0
B36: Senior Systems Developer (Year 5) | C36: =C35*103% -> 0 | D36: 4000 | E36: =C36*D36 -> 0
B37: Senior Systems Developer (Year 6) | C37: =C36*103% -> 0 | D37: 4000 | E37: =C37*D37 -> 0
B39: Systems Developer (Years 1-3) | C39: ='FP-Form-2 SYSTEMS CHANGE'!D19 -> 0 | D39: 6000 | E39: =(C39*D39)*3 -> 0
B40: Systems Developer (Year 4) | C40: =C39*103% -> 0 | D40: 6000 | E40: =C40*D40 -> 0
B41: Systems Developer (Year 5) | C41: =C40*103% -> 0 | D41: 6000 | E41: =C41*D41 -> 0
B42: Systems Developer (Year 6) | C42: =C41*103% -> 0 | D42: 6000 | E42: =C42*D42 -> 0
D44: Total Systems Change Cost | E44: =SUM(E29:E42) -> 0
E46: Total Contract Cost | F46: =SUM(D6, E25,E44) -> 0
B48: FP Form 3 Instructions
B50: The Bidder will enter their Implementation Fee in cell C6 and their Monthly Base Operation Fee for Year 1 in cell C8.
B52: The Implementation Fee entered in cell C6 will display the total cost for the 6 month implementation period.
B54: The Monthly Base Operation Fee for Year 1 entered in cell C8 will total one (1) month of costs for all program areas.
B56: The Monthly PA Fee will be calculated based upon the per PA rate provided on FP-Form-1 multipled by the PA volumes provided in Attachment E of the RFP.
B58: The Systems Analyst hourly rate for Year 1-3 referenced on Attachment B FP- Form 2 will be entered in cell C29.
B60: The Senior Systems Developer hourly rate for Year 1-3 referenced on Attachment B FP-Form 2 will be entered in cell C34.
B62: The Systems Developer hourly rate for Year 1-3 referenced on Attachment B FP-Form 2 will be entered in cell C39.
